 Dungeon Crawl Stone Soup version 0.31-a0-1204-ge2c1a860ed (webtiles) character file.

Game seed: 326942512982620773

2 backslashecho the Gusty (level 1, -1/11 HPs)
             Began as an Octopode Air Elementalist on Dec 12, 2023.
             Slain by a gnoll
             ... wielding a +0 flail
              (12 damage)
             ... on level 1 of the Dungeon.
             The game lasted 00:00:23 (106 turns).

backslashecho the Gusty (Octopode Air Elementalist)  Turns: 106, Time: 00:00:24

Health: -1/11      AC:  1    Str:  7    XL:     1   Next: 30%
Magic:  0/3        EV: 13    Int: 17    God:
Gold:   0          SH:  0    Dex: 12    Spells: 3/4 levels left

rFire   . . .        b - +0 dagger
rCold   . . .        (no shield)
rNeg    . . .        (helmet restricted)
rPois   .            (no amulet)
rElec   .            (no ring)
rCorr   .            (no ring)
SInv    .            (no ring)
Will    .....        (no ring)
Stlth   +++          (no ring)
HPRegen 0.21/turn    (no ring)
MPRegen 0.08/turn    (no ring)
                     (no ring)

%: no passive effects
@: no status effects
A: almost no armour, amphibious, 8 rings, camouflage 1, gelatinous body 1,
(nimble swimmer 1), tentacles
a: no special abilities


You were on level 1 of the Dungeon.
You visited 1 branch of the dungeon, and saw 1 of its levels.

Inventory:

Hand Weapons
 b - a +0 dagger (weapon)
Scrolls
 c - a scroll of identify {unknown}
Potions
 a - a potion of magic


   Skills:
 - Level 2.0 Dodging
 + Level 2.7 Stealth
 + Level 2.0 Spellcasting
 * Level 1.1 Conjurations
 + Level 3.0 Air Magic


You had 3 spell levels left.
You knew the following spells:

 Your Spells              Type           Power      Damage    Failure   Level
a - Shock                 Conj/Air       32%        1d5       9%          1

Your spell library contained the following spells:

 Spells                   Type           Power      Damage    Failure   Level
 Static Discharge         Conj/Air       16%        3-4/arc   12%         2
 Swiftness                Air            12%        N/A       17%         3
 Airstrike                Air            6%         2d(1-17)  50%         4


Dungeon Overview and Level Annotations

Branches:
Dungeon (1/15)

Altars:


Innate Abilities, Weirdness & Mutations

You cannot wear most types of armour.
You are amphibious.
You can wear up to eight rings at the same time.
Your skin changes colour to match your surroundings (Stealth+).
Your rubbery body absorbs attacks. (AC +1, EV +1)
((You are camouflaged when in or above water. (Stealth+)))
You have tentacles for arms and can constrict up to eight enemies at once.


Message History

You don't have enough magic to cast this spell.
You barely miss the giant cockroach. You grab the giant cockroach.
The giant cockroach is severely wounded.
You constrict the giant cockroach. The giant cockroach bites you.
You take 1 damage, and have 10/11 hp.
You tentacle-slap the giant cockroach.
You kill the giant cockroach!
Health restored: 11 You see here a +0 dagger.
b - a +0 dagger
b - a +0 dagger (weapon)
c - a scroll labelled UNANEET VUCYAW MP restored: 3 A gnoll comes into view.
It is wielding a +0 flail.
A gnoll is nearby!
Casting: Shock (safe; 9% risk of failure)
Confirm with . or Enter, or press ? or * to list all spells.
Aiming: Shock (safe; 9% risk of failure)
Press: ? - help, Shift-Dir - straight line, f - gnoll
Aim: a gnoll, wielding a +0 flail (asleep, 100% to hit)
The zap hits the gnoll.
The gnoll is lightly wounded.
The gnoll shouts!
You now have 2/3 mp.
Casting: Shock (safe; 9% risk of failure)
Confirm with . or Enter, or press ? or * to list all spells.
Aiming: Shock (safe; 9% risk of failure)
Press: ? - help, Shift-Dir - straight line, f/p - gnoll
Aim: a gnoll, wielding a +0 flail (lightly wounded, 72% to hit)
The zap hits the gnoll but does no damage.
The gnoll is lightly wounded.
The zap hits the gnoll.
The gnoll is moderately wounded.
You now have 1/3 mp.
Casting: Shock (safe; 9% risk of failure)
Confirm with . or Enter, or press ? or * to list all spells.
Aiming: Shock (safe; 9% risk of failure)
Press: ? - help, Shift-Dir - straight line, f/p - gnoll
Aim: a gnoll, wielding a +0 flail (moderately wounded, 72% to hit)
The zap hits the gnoll.
The gnoll is heavily wounded.
The zap hits the gnoll.
The gnoll is almost dead.
The gnoll misses you.
You now have 0/3 mp.
You closely miss the gnoll. Your grab misses the gnoll.
The gnoll is almost dead.
The gnoll hits you with a +0 flail!
Ouch! That really hurt!
You die...

### ############ #..
...........# #.#
#......#.# #.#
#......#.# #.#
#..@g..#.# #.#
#........# #^#
#......### ######.#
#......#
.......#######......#
#####..#....#.......#
##....####.#.......#
#..........#.......#
##...#.###........>##


You could see a gnoll.

Vanquished Creatures
  A giant cockroach (D:1)
  A goblin (D:1)
2 creatures vanquished.

Notes
Turn   | Place    | Note
-------+----------+-------------------------------------------
     0 | D:1      | backslashecho the Octopode Air Elementalist began the quest
                  | for the Orb.
     0 | D:1      | Reached XP level 1. HP: 11/11 MP: 3/3
   106 | D:1      | Slain by a gnoll

Illustrated notes

Levels and vault maps discovered:
D:1:      erik_arrival_orb_chamber, layout_basic

Action                     || total
---------------------------++-------
  Melee: Unarmed           ||     2
         Dagger            ||     1
         Constrict         ||     1
   Cast: Shock             ||     7
 Armour: Skin              ||     2
  Dodge: Dodged            ||     1

Table legend: (Time is in decaauts)
 A = Elapsed time spent in this place.
 B = Non-inter-level travel time spent in this place.
 C = Inter-level travel time spent in this place.
 D = Time resting spent in this place.
 E = Time spent auto-exploring this place.
 F = Levels seen in this place.
 G = Mean time per level.
                   A        B        C        D        E       F      G
               +--------+--------+--------+--------+--------+-----+--------+
         Total |    105 |    105 |      0 |      0 |     75 |   1 |  105.0 |
       Dungeon |    105 |    105 |      0 |      0 |     75 |   1 |  105.0 |
               +--------+--------+--------+--------+--------+-----+--------+

Top non-repeatable levels by time:
     D:1: 105 daAuts
